General information
- name: BNet
- type: Ladder team game (AT/RT)
- host: Battle.net
- saver: Flashbang_Omnix
map: Battleground
- players: 8
- length: 16:03
- speed: Fast
- version: 1.26 W3XP
- replay type: Public
» download(102 KB)
Players
team 1 (winner)

»
Void-darkness (
purple | 32 APM | 122 actions | 03:47)
1 Dark Ranger
1 Black Arrow
» actions
| Build / train | 21 | |
| Enter build submenu | 6 | |
| Enter hero's abilities submenu | 1 | |
| Right click | 36 | |
| Select / deselect | 49 | |
| Use ability | 9 | |
122 total
» units
» buildings
| Altar of Elders | 1 | |
| Moon Well | 3 | |
| Ancient of War | 1 | |
| Hunter's Hall | 1 | |
6 total
» build order
00:18 Altar of Elders
00:19 Moon Well
01:04 Ancient of War
01:53 Moon Well
01:59 Moon Well
02:35 Hunter's Hall

»
JdBp (
blue | 58 APM | 935 actions | 16:03)
4 Far Seer
2 Feral Spirit
2 Chain Lighting
» actions
| Assign group hotkey | 15 | |
| Build / train | 48 | |
| Enter build submenu | 15 | |
| Enter hero's abilities submenu | 5 | |
| Give item / drop item | 1 | |
| Remove unit from queue | 2 | |
| Right click | 448 | |
| Select / deselect | 168 | |
| Select group hotkey | 182 | |
| Use ability | 51 | |
935 total
» units
| Peon | 6 | |
| Grunt | 10 | |
| Tauren | 2 | |
| Shaman | 2 | |
20 total
» upgrades
| Pillage | 1 | |
| Berserker Strength | 1 | |
| Armor | 2 | |
| Melee Weapons | 2 | |
| Shaman Training | 2 | |
| Pulverize | 1 | |
9 total
» buildings
| Altar of Storms | 1 | |
| Orc Burrow | 6 | |
| Barracks | 1 | |
| Voodoo Lounge | 1 | |
| Stronghold | 1 | |
| War Mill | 1 | |
| Fortress | 1 | |
| Spirit Lodge | 1 | |
| Tauren Totem | 4 | |
17 total
» build order
00:09 Altar of Storms
00:20 Orc Burrow
00:39 Barracks
01:37 Orc Burrow
03:03 Voodoo Lounge
03:47 Orc Burrow
04:54 Stronghold
06:56 Orc Burrow
06:58 War Mill
07:54 Fortress
07:57 Orc Burrow
08:42 Spirit Lodge
10:49 Tauren Totem
10:50 Tauren Totem
10:53 Tauren Totem
10:54 Tauren Totem
11:18 Orc Burrow
» items
| Healing Salve | 3 | |
| Lesser Clarity Potion | 3 | |
| Orb of Lightning | 1 | |
| Scroll of Town Portal | 1 | |
| Potion of Healing | 1 | |
| Potion of Mana | 1 | |
10 total
Flashbang_Omnix (
teal | 73 APM | 1170 actions | 16:03)
5 Archmage
3 Blizzard
2 Brilliance Aura
2 Dark Ranger
2 Silence
» actions
| Basic commands | 75 | |
| Build / train | 70 | |
| ESC pressed | 4 | |
| Enter build submenu | 14 | |
| Enter hero's abilities submenu | 8 | |
| Right click | 754 | |
| Select / deselect | 192 | |
| Use ability | 53 | |
1170 total
» units
| Peasant | 5 | |
| Footman | 18 | |
| Archer | 6 | |
| Huntress | 7 | |
| Knight | 3 | |
| Hippogryph | 2 | |
41 total
» upgrades
| Defend | 1 | |
| Strength of the Moon | 2 | |
| Ultravision | 1 | |
| Improved Bows | 1 | |
| Plating | 2 | |
| Animal War Training | 1 | |
| Hippogryph Taming | 1 | |
| Strength of the Wild | 1 | |
| Moon Armor | 1 | |
11 total
» buildings
| Altar of Kings | 1 | |
| Barracks | 2 | |
| Farm | 8 | |
| Keep | 1 | |
| Ancient of War | 2 | |
| Moon Well | 1 | |
| Tree of Ages | 1 | |
| Castle | 1 | |
| Lumber Mill | 1 | |
| Blacksmith | 1 | |
| Ancient of Wind | 2 | |
| Ancient of Wonders | 1 | |
22 total
» build order
00:07 Altar of Kings
00:09 Barracks
00:11 Farm
00:12 Farm
03:31 Barracks
03:45 Farm
03:46 Farm
05:24 Keep
05:33 Ancient of War
05:35 Ancient of War
05:38 Moon Well
07:01 Tree of Ages
08:11 Castle
10:56 Lumber Mill
11:02 Blacksmith
11:06 Farm
11:07 Farm
11:09 Farm
11:09 Farm
13:27 Ancient of Wind
13:28 Ancient of Wind
13:35 Ancient of Wonders
» items
| Periapt of Vitality | 2 | |
| Scroll of Town Portal | 1 | |
| Boots of Speed | 1 | |
| Dust of Appearance | 1 | |
5 total

»
GonnaGetIt (
green | 40 APM | 647 actions | 16:03)
4 Archmage
2 Summon Water Elemental
2 Blizzard
» actions
| Assign group hotkey | 86 | |
| Build / train | 50 | |
| Enter build submenu | 15 | |
| Enter hero's abilities submenu | 4 | |
| Remove unit from queue | 1 | |
| Right click | 123 | |
| Select / deselect | 164 | |
| Select group hotkey | 175 | |
| Use ability | 29 | |
647 total
» units
| Peasant | 11 | |
| Footman | 12 | |
| Dragonhawk Rider | 10 | |
| Gryphon Rider | 1 | |
34 total
» upgrades
| Swords | 2 | |
| Armor | 2 | |
| Cloud | 1 | |
| Storm Hammers | 1 | |
6 total
» buildings
| Altar of Kings | 1 | |
| Farm | 15 | |
| Barracks | 2 | |
| Lumber Mill | 1 | |
| Arcane Vault | 1 | |
| Scout Tower | 2 | |
| Arcane Tower | 1 | |
| Keep | 1 | |
| Blacksmith | 1 | |
| Castle | 1 | |
| Gryphon Aviary | 2 | |
28 total
» build order
00:25 Altar of Kings
00:38 Farm
00:39 Farm
00:55 Barracks
01:08 Lumber Mill
01:56 Farm
02:00 Farm
02:30 Arcane Vault
02:34 Scout Tower
02:35 Scout Tower
03:31 Arcane Tower
04:22 Keep
04:59 Farm
05:00 Farm
05:02 Barracks
06:54 Blacksmith
07:39 Castle
08:36 Gryphon Aviary
08:37 Gryphon Aviary
08:40 Farm
08:41 Farm
08:42 Farm
08:43 Farm
14:56 Farm
14:57 Farm
14:57 Farm
14:58 Farm
15:01 Farm
» items
team 2 (loser)
5o1.RAZORBACKS (
yellow | 68 APM | 1083 actions | 16:02)
2 Death Knight
1 Death Coil
1 Unholy Aura
2 Lich
1 Frost Nova
1 Frost Armor
» actions
| Assign group hotkey | 4 | |
| Basic commands | 34 | |
| Build / train | 59 | |
| Enter build submenu | 15 | |
| Enter hero's abilities submenu | 4 | |
| Remove unit from queue | 3 | |
| Right click | 654 | |
| Select / deselect | 242 | |
| Select group hotkey | 23 | |
| Use ability | 45 | |
1083 total
» units
| Acolyte | 2 | |
| Ghoul | 3 | |
| Crypt Fiend | 8 | |
| Grunt | 3 | |
16 total
» upgrades
| Creature Attack | 1 | |
| Creature Carapace | 1 | |
2 total
» buildings
| Graveyard | 1 | |
| Crypt | 1 | |
| Altar of Darkness | 2 | |
| Ziggurat | 4 | |
| Tomb of Relics | 1 | |
| Halls of the Dead | 3 | |
| Black Citadel | 3 | |
| Sacrificial Pit | 1 | |
| Boneyard | 2 | |
| Spirit Tower | 11 | |
| Fortress | 4 | |
| Orc Burrow | 2 | |
35 total
» build order
00:30 Graveyard
00:35 Crypt
00:42 Altar of Darkness
00:59 Ziggurat
01:17 Ziggurat
01:29 Tomb of Relics
03:38 Halls of the Dead
03:38 Halls of the Dead
04:08 Ziggurat
05:25 Ziggurat
06:53 Black Citadel
06:53 Black Citadel
10:15 Sacrificial Pit
11:16 Boneyard
11:19 Boneyard
11:37 Spirit Tower
11:48 Spirit Tower
11:48 Spirit Tower
11:48 Spirit Tower
11:51 Spirit Tower
11:52 Spirit Tower
12:11 Spirit Tower
12:16 Altar of Darkness
15:18 Fortress
15:18 Fortress
15:18 Fortress
15:27 Orc Burrow
15:39 Orc Burrow
» items
| Rod of Necromancy | 1 | |
| Healing Salve | 2 | |
3 total
DigDug (
red | 56 APM | 794 actions | 14:16)
2 Mountain King
1 Storm Bolt
1 Thunder Clap
2 Blademaster
1 Critical Strike
1 Wind Walk
» actions
| Basic commands | 38 | |
| Build / train | 34 | |
| Enter build submenu | 22 | |
| Enter hero's abilities submenu | 4 | |
| Right click | 433 | |
| Select / deselect | 221 | |
| Use ability | 42 | |
794 total
» units
» buildings
| Altar of Kings | 1 | |
| Barracks | 1 | |
| Farm | 4 | |
| Scout Tower | 3 | |
| Arcane Tower | 2 | |
| Arcane Vault | 2 | |
| Keep | 1 | |
| Watch Tower | 7 | |
| Voodoo Lounge | 1 | |
| Stronghold | 1 | |
23 total
» build order
00:09 Altar of Kings
00:12 Barracks
00:21 Farm
01:00 Farm
01:32 Farm
01:39 Scout Tower
01:48 Scout Tower
02:12 Arcane Tower
02:24 Arcane Vault
02:53 Farm
03:30 Keep
03:51 Arcane Tower
05:01 Arcane Vault
07:48 Scout Tower
09:29 Watch Tower
09:32 Watch Tower
09:33 Watch Tower
09:35 Watch Tower
09:51 Watch Tower
09:52 Watch Tower
09:54 Watch Tower
11:35 Voodoo Lounge
11:54 Stronghold
» items
| Scroll of Regeneration | 3 | |
| Lesser Clarity Potion | 2 | |
5 total
WVUMountaineer (
pink | 48 APM | 756 actions | 15:40)
6 Demon Hunter
3 Immolation
2 Evasion
1 Metamorphosis
1 Blademaster
1 Wind Walk
» actions
| Assign group hotkey | 11 | |
| Build / train | 79 | |
| Enter build submenu | 13 | |
| Enter hero's abilities submenu | 7 | |
| Give item / drop item | 6 | |
| Right click | 268 | |
| Select / deselect | 251 | |
| Select group hotkey | 52 | |
| Use ability | 69 | |
756 total
» units
| Wisp | 23 | |
| Archer | 8 | |
| Forest Troll Berserker | 1 | |
| Forest Troll Shadow Priest | 1 | |
| Dryad | 7 | |
| Druid of the Claw | 3 | |
43 total
» upgrades
| Druid of the Claw Training | 2 | |
| Abolish Magic | 1 | |
| Mark of the Claw | 1 | |
| Strength of the Wild | 2 | |
6 total
» buildings
| Altar of Elders | 1 | |
| Moon Well | 5 | |
| Ancient of War | 1 | |
| Ancient of Wonders | 1 | |
| Tree of Ages | 1 | |
| Hunter's Hall | 1 | |
| Tree of Life | 1 | |
| Ancient of Lore | 3 | |
| Tree of Eternity | 1 | |
15 total
» build order
00:05 Altar of Elders
00:07 Moon Well
01:01 Ancient of War
01:15 Moon Well
01:32 Ancient of Wonders
02:18 Moon Well
03:42 Tree of Ages
04:53 Hunter's Hall
05:01 Moon Well
05:57 Tree of Life
06:05 Ancient of Lore
06:09 Ancient of Lore
06:13 Tree of Eternity
06:47 Ancient of Lore
15:06 Moon Well
» items
| Lesser Clarity Potion | 6 | |
| Dust of Appearance | 1 | |
| Potion of Healing | 6 | |
| Scroll of Town Portal | 2 | |
| Orb of Venom | 1 | |
| Anti-magic Potion | 1 | |
| Rod of Necromancy | 1 | |
| Moonstone | 1 | |
19 total

»
BuNi (
orange | 47 APM | 434 actions | 09:15)
2 Blademaster
1 Wind Walk
1 Critical Strike
» actions
| Assign group hotkey | 42 | |
| Build / train | 29 | |
| ESC pressed | 2 | |
| Enter build submenu | 10 | |
| Enter hero's abilities submenu | 2 | |
| Right click | 194 | |
| Select / deselect | 97 | |
| Select group hotkey | 27 | |
| Use ability | 31 | |
434 total
» units
| Peon | 6 | |
| Grunt | 11 | |
| Troll Headhunter/Berserker | 3 | |
20 total
» buildings
| Orc Burrow | 3 | |
| Altar of Storms | 1 | |
| Barracks | 1 | |
| Voodoo Lounge | 1 | |
| War Mill | 1 | |
7 total
» build order
00:06 Orc Burrow
00:09 Altar of Storms
00:53 Barracks
01:59 Orc Burrow
02:27 Voodoo Lounge
03:01 War Mill
03:33 Orc Burrow
» items
| Healing Salve | 3 | |
| Lesser Clarity Potion | 3 | |
6 total
Chat log
(00:19 / Allies) Flashbang_Omnix: rush here plz
(00:23 / Allies) Flashbang_Omnix: at night
(00:24 / Allies) JdBp: Okay!
(00:29 / Allies) Flashbang_Omnix: foots to knights
(00:33 / Allies) GonnaGetIt: that worked last game didnt it teal?
(00:43 / Allies) Flashbang_Omnix: you fuckin coward
(00:46 / Allies) JdBp: lol
(00:47 / Allies) Flashbang_Omnix: you didnt had to leave
(00:47 / Allies) GonnaGetIt: lmao
(00:48 / Allies) JdBp: <3
(00:51 / Allies) GonnaGetIt: you were shit
(00:54 / Allies) Flashbang_Omnix: it wasn't over yet
(01:00 / Allies) GonnaGetIt: you boxed in my hero
(01:05 / Allies) GonnaGetIt: like an idiot
(01:06 / Allies) Flashbang_Omnix: just shut up
(01:08 / Allies) Flashbang_Omnix: and win this
(01:12 / Allies) Flashbang_Omnix: stfu
(01:17 / Allies) Flashbang_Omnix: damn
(01:22 / Allies) JdBp: Are you 12?
(01:23 / Allies) Flashbang_Omnix: just win
(01:23 / Allies) JdBp: lol.
(01:24 / Allies) Flashbang_Omnix: okay
(01:30 / Allies) Flashbang_Omnix: this strat works
(01:36 / Allies) Flashbang_Omnix: although it has holes
(01:43 / Allies) Flashbang_Omnix: but best rush strat I know of
(03:41 / Allies) Flashbang_Omnix: meet now
(03:47 / Allies) Flashbang_Omnix: shit
(03:47 / All) DigDug: watch replay
(04:43 / Allies) GonnaGetIt: WHY THE FUCK ARE YOU RUNNING TEAL
(05:13 / Allies) JdBp: omw
(07:00 / Allies) GonnaGetIt: get his units
(07:02 / Allies) GonnaGetIt: deeper
(07:21 / Allies) GonnaGetIt: get mk
(08:26 / Allies) JdBp: we need aa
(08:57 / Allies) GonnaGetIt: take that out
(11:23 / Allies) GonnaGetIt: nice trap
(11:26 / All) JdBp: lol
(11:37 / Allies) GonnaGetIt: just now getting yards??
(11:41 / Allies) GonnaGetIt: i have shackles
(13:50 / Allies) GonnaGetIt: rdy to hit?
(13:54 / Allies) JdBp: almost
(14:28 / Allies) GonnaGetIt: he doesnt leave
(14:29 / All) 5o1.RAZORBACKS: love the way you guys go right to the top and aim at by
(14:34 / All) 5o1.RAZORBACKS: looks very suspicious?
(14:43 / All) GonnaGetIt: ?
(14:43 / All) JdBp: top of what?
(15:30 / Allies) GonnaGetIt: support
(15:40 / Allies) GonnaGetIt: pink never leaves
(15:44 / All) GonnaGetIt: gg
(15:46 / All) 5o1.RAZORBACKS: yeah and another